 Dungeon Crawl Stone Soup version 0.30.0-29-ga12c61a403 (webtiles) character file.

Game seed: 2237101457796674445

60 LustLizard the Gusty (level 3, -1/20 HPs)
             Began as a Deep Elf Air Elementalist on June 23, 2023.
             Slain by Robin
             ... wielding a +0 club
              (4 damage)
             ... on level 2 of the Dungeon.
             The game lasted 00:02:19 (1707 turns).

LustLizard the Gusty (Deep Elf Air Elementalist)    Turns: 1707, Time: 00:02:19

Health: -1/20      AC: 10    Str:  6 (7)  XL:     3   Next: 82%
Magic:  3/10       EV: 12    Int: 16 (19) God:
Gold:   129        SH:  0    Dex: 12 (15) Spells: 6/9 levels left

rFire   . . .        i - +2 dagger (protect)
rCold   . . .        (no shield)
rNeg    . . .        a - +0 robe
rPois   +            e - +0 helmet
rElec   .            (no cloak)
rCorr   +            (no gloves)
SInv    .            (no boots)
Will    .....        (no amulet)
Stlth   ++           l - ring of poison resistance
HPRegen 0.23/turn    h - ring of resist corrosion
MPRegen 0.12/turn

%: no passive effects
@: mighty, under a protective aura
A: no striking features
a: no special abilities


You were on level 2 of the Dungeon.
You visited 1 branch of the dungeon, and saw 2 of its levels.

You collected 129 gold pieces.

Inventory:

Hand Weapons
 i - a +2 dagger of protection (weapon)
Armour
 a - a +0 robe (worn)
 e - a +0 helmet (worn)
Jewellery
 h - a ring of resist corrosion (right hand)
 l - a ring of poison resistance (left hand)
Scrolls
 d - a scroll of amnesia {unknown}
 f - 2 scrolls of identify {unknown}
 g - a scroll of fog {unknown}
 j - 2 scrolls of enchant weapon {unknown}
Potions
 b - a potion of magic


   Skills:
 + Level 0.8 Fighting
 - Level 2.4 Dodging
 + Level 3.1 Stealth
 + Level 3.5 Spellcasting
 + Level 2.0 Conjurations
 * Level 3.7 Air Magic


You had 6 spell levels left.
You knew the following spells:

 Your Spells              Type           Power      Damage    Failure   Level
a - Shock                 Conj/Air       44%        1d5       5%          1
b - Static Discharge      Conj/Air       22%        2-3/arc   9%          2

Your spell library contained the following spells:

 Spells                   Type           Power      Damage    Failure   Level
 Swiftness                Air            14%        N/A       12%         3
 Airstrike                Air            7%         2d(1-17)  36%         4


Dungeon Overview and Level Annotations

Branches:
Dungeon (2/15)

Altars:

Annotations:
D:2 Robin


Message History

Robin is moderately wounded.
Robin hits you but does no damage.
You hit Robin.
Robin is heavily wounded.
The hobgoblin no longer looks unusually strong.
Robin hits you but does no damage. Robin barely misses you.
You hit Robin but do no damage.
Robin is heavily wounded.
Robin closely misses you.
You hit Robin.
Robin is heavily wounded.
Robin misses you.
Robin laughs in a distinctly smug fashion.
Robin hits you with a +0 club.
* * * LOW HITPOINT WARNING * * *
You hit Robin.
Robin is heavily wounded.
Robin barely misses you.
You hit Robin but do no damage.
Robin is heavily wounded.
Robin hits you with a +0 club.
* * * LOW HITPOINT WARNING * * *
Robin misses you.
It was a potion of might.
You feel very mighty all of a sudden. Robin hits you but does no damage.
It was a potion of degeneration.
There was something very wrong with that liquid.
You feel weakened.
You feel dopey.
You feel clumsy.
Robin roars a battlecry!
The hobgoblin goes into a battle-frenzy!
Robin hits you but does no damage.
Sorry, you're not good enough to have a special ability.
You closely miss Robin.
Robin is heavily wounded.
Robin closely misses you.
You hit Robin.
Robin is almost dead.
Robin hits you with a +0 club.
You die...

#...####.#.####
#..........#
#...####..##
#....####.#
#.......#.#####
#...###........
...###### #...#
####.####
........####...# #.#
)))####gg@)##########>#
####)........##.#
#########....# ######


You could see Robin (fast) and a hobgoblin (strong).

Vanquished Creatures
  An adder (D:2)
  A worm (D:2)
  A dart slug (D:1)
  4 bats
  4 endoplasms
  A giant cockroach (D:1)
  12 goblins
  5 hobgoblins
  A quokka (D:1)
  3 ball pythons (D:1)
  2 frilled lizards (D:1)
  A kobold (D:1)
  6 rats
42 creatures vanquished.

Notes
Turn   | Place    | Note
-------+----------+-------------------------------------------
     0 | D:1      | LustLizard the Deep Elf Air Elementalist began the quest
                  | for the Orb.
     0 | D:1      | Reached XP level 1. HP: 10/10 MP: 6/6
   215 | D:1      | Reached XP level 2. HP: 15/15 MP: 5/8
   307 | D:1      | Found a faded altar of an unknown god.
  1232 | D:1      | Learned a level 2 spell: Static Discharge
  1253 | D:2      | Reached XP level 3. HP: 20/20 MP: 6/9
  1679 | D:2      | Noticed Robin
  1707 | D:2      | Slain by Robin

Illustrated notes

Levels and vault maps discovered:
D:1:      roderic_dead_forest, layout_loops_corners,
          dreamdust_ecumenical_altar_statues
D:2:      layout_rooms, minmay_circled_x, uniq_robin, uniq_crazy_yiuf_cottage

Skill      XL: |  1  2  3 |
---------------+----------+-----
Stealth        | 3 |  3.1
Conjurations   | 2 |  2.0
Fighting       | |  0.8
Dodging        | |  2.4
Spellcasting   | |  3.5
Air Magic      | |  3.7

Action                     || total
---------------------------++-------
  Melee: Dagger            ||    24
   Cast: Shock             ||    65
    Use: Potion            ||     2
 Armour: Robe              ||    14
  Dodge: Dodged            ||    26
